 Dungeon Crawl Stone Soup version 0.21.1-1-g345015fe64 (webtiles) character file.

15242 P0ring the Cleaver (level 11, -6/102 HPs)
             Began as a Minotaur Berserker on Apr 17, 2018.
             Was a High Priest of Trog.
             Mangled by a 14-headed hydra (7 damage)
             ... on level 11 of the Dungeon.
             The game lasted 00:42:16 (12151 turns).

P0ring the Cleaver (Minotaur Berserker)            Turns: 12151, Time: 00:42:17

Health: -6/102     AC: 20    Str: 29    XL:     11   Next: 99%
Magic:  10/10      EV: 15    Int:  4    God:    Trog [*****.]
Gold:   674        SH: 12    Dex: 14    Spells: 10/10 levels left

rFire    . . .     SeeInvis .   o - +2 hand axe (freeze)
rCold    . . .     Gourm    .   A - +2 buckler of Pan-Flutes {+Inv}
rNeg     . . .     Faith    .   G - +4 chain mail
rPois    .         Spirit   .   (helmet restricted)
rElec    .         Reflect  +   r - +0 cloak
rCorr    .         Harm     .   O - +0 pair of gloves
MR       .....                  D - +0 pair of boots
Stlth    ..........             g - +4 amulet of reflection
HPRegen  0.27/turn              I - +4 ring of dexterity
MPRegen  0.12/turn              X - +4 ring of strength

@: no status effects
A: retaliatory headbutt, horns 2
a: Berserk, Trog's Hand, Brothers in Arms, Burn Spellbooks, Renounce Religion,
Evoke Invisibility


You were on level 11 of the Dungeon.
You worshipped Trog.
Trog was extremely pleased with you.
You were not hungry.

You visited 1 branch of the dungeon, and saw 11 of its levels.

You collected 674 gold pieces.

Inventory:

Hand Weapons
 f - a +4 antimagic broad axe
 o - a +2 hand axe of freezing (weapon)
 S - a +1 vampiric war axe
Missiles
 T - 10 tomahawks (quivered)
Armour
 i - a +0 pair of gloves
 p - a +1 ring mail of poison resistance
 r - a +0 cloak (worn)
 A - the +2 buckler of Pan-Flutes (worn) {+Inv}
   (You found it on level 5 of the Dungeon)

   It lets you turn invisible.
 D - a +0 pair of boots (worn)
 G - a +4 chain mail (worn)
 O - a +0 pair of gloves (worn)
 P - a +1 leather armour of fire resistance
 U - a +3 scale mail
 V - +0 acid dragon scales
Jewellery
 b - an uncursed ring of poison resistance {unknown}
 g - a +4 amulet of reflection (around neck)
 v - an uncursed ring of protection from cold
 B - an uncursed ring of positive energy
 C - a +5 amulet of reflection
 F - an uncursed ring of flight
 H - an uncursed amulet of faith
 I - a +4 ring of dexterity (left hand)
 X - a +4 ring of strength (right hand)
 Z - an uncursed ring of protection from magic {unknown}
Wands
 x - a wand of flame (31)
 y - a wand of enslavement (14)
 E - a wand of iceblast (9)
 J - a wand of paralysis (17)
 K - a wand of random effects (33)
Scrolls
 a - 2 scrolls of identify
 n - 2 scrolls of random uselessness
 s - 3 scrolls of amnesia
 t - a scroll of enchant weapon {unknown}
 L - 5 scrolls of magic mapping
 N - 3 scrolls of teleportation
 R - 4 scrolls of remove curse
Potions
 d - 3 potions of lignification
 e - 2 potions of mutation
 j - a potion of haste
 k - a potion of brilliance {unknown}
 l - a potion of flight
 m - a potion of invisibility {unknown}
 q - 2 potions of resistance
 u - a potion of ambrosia
 w - a potion of cancellation {unknown}
 z - 2 potions of magic
 Q - 2 potions of curing
Comestibles
 c - 13 rations


   Skills:
 + Level 11.4 Fighting
 + Level 11.4 Axes
 + Level 11.2 Armour
 + Level 10.3 Dodging
 + Level 8.2 Shields


You had 10 spell levels left.
You didn't know any spells.

Dungeon Overview and Level Annotations

Branches:
Dungeon (11/15)            Temple (0/1) D:4            Lair (0/6) D:11
    Orc (0/2) D:10

Altars:
Elyvilon
Fedhas
Gozag
Hepliaklqana
Kikubaaqudgha
Makhleb
Nemelex Xobeh
Uskayaw
Vehumet
Wu Jian
Xom
The Shining One

Shops:
D:9 (


Innate Abilities, Weirdness & Mutations

You reflexively headbutt those who attack you in melee.
You have a pair of horns on your head.


Message History

Things that are here:
a dagger of venom; 3 stones; a kobold skeleton You see here 3 stones.
You see here a stone.
There is a stone staircase leading down here.
You can't go up here!
You block the 14-headed hydra's attack. The 14-headed hydra bites you. x2
The 14-headed hydra bites you but does no damage. x2
The 14-headed hydra bites you!
* * * LOW HITPOINT WARNING * * *
You block the 14-headed hydra's attack.
The 14-headed hydra bites you but does no damage.
The 14-headed hydra bites you.
* * * LOW HITPOINT WARNING * * *
The 14-headed hydra bites you.
* * * LOW HITPOINT WARNING * * *
You block the 14-headed hydra's attack. The 14-headed hydra bites you!
* * * LOW HITPOINT WARNING * * *
The 14-headed hydra bites you!
You die...

......#.##
......#...
.._.....## ...#.##
..# . #..# ...# #..#
...#########...
####............##
#@................
#D##.###.#.......#
#....# #.#........
###..(t###.#.#.._...
#....((O.....#.....#
######.###.........#
#.# #(# #..####....
###.###(# #..# #.###
........# #..####.#


You could see a 14-headed hydra.

Vanquished Creatures
  Snorg (D:10)
  2 two-headed ogres
  The ghost of DildoBatman the Jinx, a novice FoEn of Sif Muna (D:7)
  An unseen horror (D:11)
  A cyclops (D:11)
  An ugly thing (D:9)
  A centaur zombie (D:11)
  A kobold demonologist (D:11)
  A queen bee (D:8)
  A troll (D:8)
  A hornet (D:10)
  5 hippogriffs
  3 wyverns
  A yak (D:11)
  A basilisk (D:11)
  2 steam dragons
  4 vampire mosquitoes (D:11)
  4 hungry ghosts
  An acid dragon (D:11)
  A water moccasin (D:11)
  2 sky beasts
  3 ice beasts
  A black bear (D:7)
  6 ogres
  2 necrophages
  10 orc warriors
  A phantom (D:10)
  5 boggarts (D:10)
  9 centaurs
  A crocodile (D:10)
  A big kobold (D:11)
  8 bullfrogs
  A wyvern skeleton (D:5)
  3 scorpions
  20 killer bees
  4 wights (D:8)
  7 crimson imps
  A bullfrog zombie (D:11)
  3 jellies
  Crazy Yiuf (D:2)
  6 hounds
  14 orc wizards
  3 orc priests
  A bullfrog skeleton (D:11)
  A gnoll shaman (D:10)
  Jessica (D:2)
  9 worker ants
  3 iguanas
  A hound zombie (D:9)
  A hound skeleton (D:9)
  9 adders
  15 gnolls
  2 oozes
  An adder skeleton (D:4)
  2 adder zombies (D:8)
  6 worms
  A dart slug (D:1)
  4 leopard geckos
  37 orcs
  6 giant cockroaches
  9 goblins
  7 hobgoblins
  9 jackals
  3 quokkas
  2 ball pythons
  2 bats (D:1)
  5 frilled lizards
  20 kobolds
  11 rats
314 creatures vanquished.

Vanquished Creatures (others)
  A centaur (D:6)
  An orc wizard (D:10)
  A fungus (D:11)
3 creatures vanquished.

Grand Total: 317 creatures vanquished

Notes
Turn   | Place    | Note
-------+----------+-------------------------------------------
     0 | D:1      | P0ring the Minotaur Berserker began the quest for the Orb.
     0 | D:1      | Reached XP level 1. HP: 19/19 MP: 0/0
   269 | D:1      | Reached XP level 2. HP: 20/27 MP: 1/1
   964 | D:2      | Reached XP level 3. HP: 25/33 MP: 2/2
   973 | D:2      | Reached ** piety under Trog
  1211 | D:2      | Reached XP level 4. HP: 39/40 MP: 3/3
  1400 | D:2      | Noticed Jessica
  1403 | D:2      | Killed Jessica
  1467 | D:2      | Found a runed door.
  1902 | D:2      | Noticed Crazy Yiuf
  1909 | D:2      | Killed Crazy Yiuf
  1909 | D:2      | Reached XP level 5. HP: 41/47 MP: 4/4
  2210 | D:3      | Reached skill level 5 in Fighting
  2210 | D:3      | Reached skill level 5 in Axes
  2218 | D:3      | Reached XP level 6. HP: 52/56 MP: 5/5
  2341 | D:3      | Reached *** piety under Trog
  2893 | D:4      | Noticed a hippogriff
  2900 | D:4      | Killed a hippogriff
  2900 | D:4      | Reached skill level 5 in Armour
  2900 | D:4      | Reached XP level 7. HP: 51/62 MP: 6/6
  3128 | D:4      | Found an opulent altar of Gozag.
  3256 | D:4      | Found a staircase to the Ecumenical Temple.
  3616 | D:5      | Entered Level 5 of the Dungeon
  3744 | D:5      | Got a bloodstained buckler
  3784 | D:5      | Reached skill level 5 in Dodging
  4231 | D:5      | Reached XP level 8. HP: 71/71 MP: 7/7
  4238 | D:5      | Reached **** piety under Trog
  4611 | D:6      | Identified the +2 buckler of Pan-Flutes {+Inv} (You found it on level 5 of the Dungeon)
  4703 | D:6      | Found a glowing golden altar of the Shining One.
  5582 | D:7      | Noticed DildoBatman's ghost (novice FoEn)
  5604 | D:7      | Killed DildoBatman's ghost
  5604 | D:7      | Reached XP level 9. HP: 54/81 MP: 8/8
  5837 | D:7      | Reached skill level 1 in Shields
  5874 | D:7      | Found a basalt altar of Yredelemnul.
  5948 | D:7      | Found a radiant altar of Vehumet.
  5948 | D:7      | Found a burning altar of Makhleb.
  6151 | D:7      | Found a hazy altar of Hepliaklqana.
  6151 | D:7      | Found an opulent altar of Gozag.
  6153 | D:7      | Found an ancient bone altar of Kikubaaqudgha.
  6153 | D:7      | Found a hide-covered altar of Uskayaw.
  6153 | D:7      | Found a shimmering altar of Xom.
  6577 | D:8      | Noticed a queen bee
  6589 | D:8      | Killed a queen bee
  6596 | D:8      | Reached XP level 10. HP: 56/91 MP: 9/9
  6793 | D:8      | Found a sparkling altar of Nemelex Xobeh.
  7473 | D:8      | Found a blossoming altar of Fedhas.
  7475 | D:8      | Found a white marble altar of Elyvilon.
  7789 | D:9      | Found Xeicas's Antique Weapon Emporium.
  7936 | D:9      | Noticed a red ugly thing
  7954 | D:9      | Killed a red ugly thing
  7954 | D:9      | Reached skill level 5 in Shields
  8387 | D:9      | Reached skill level 10 in Axes
  8427 | D:9      | Reached skill level 10 in Fighting
  8803 | D:10     | Entered Level 10 of the Dungeon
  8807 | D:10     | Noticed Snorg
  8956 | D:10     | Noticed a two-headed ogre
  8963 | D:10     | Killed a two-headed ogre
  8963 | D:10     | Reached skill level 10 in Armour
  8963 | D:10     | Reached XP level 11. HP: 47/100 MP: 10/10
  9347 | D:10     | HP: 2/100 [Snorg (7)]
  9351 | D:10     | Killed Snorg
 10044 | D:10     | Reached ***** piety under Trog
 10383 | D:10     | Found a staircase to the Orcish Mines.
 10789 | D:11     | Noticed a two-headed ogre
 10798 | D:11     | Killed a two-headed ogre
 11029 | D:11     | Found a staircase to the Lair.
 11066 | D:11     | Reached skill level 10 in Dodging
 11343 | D:11     | Killed an unseen horror
 11689 | D:11     | Found a sparkling altar of Nemelex Xobeh.
 11722 | D:11     | Received a gift from Trog
 11779 | D:11     | Noticed a cyan ugly thing
 12106 | D:11     | Noticed a five-headed hydra
 12132 | D:11     | Found an ornate altar of the Wu Jian Council.
 12151 | D:11     | HP: 1/102 [14-headed hydra (10)]
 12151 | D:11     | Mangled by a 14-headed hydra

Skill      XL: |  1  2  3  4  5  6  7  8  9 10 11 |
---------------+----------------------------------+-----
Axes           | 4 5 6 8 9 10 11 | 11.4
Fighting       | 4 5 6 8 9 10 11 | 11.4
Armour         | 3 4 5 6 7 8 10 11 | 11.2
Dodging        | 3 4 5 6 7 9 10 | 10.3
Shields        | 3 6 8 |  8.2

Action                   |  1- 3 |  4- 6 |  7- 9 | 10-12 || total
-------------------------+-------+-------+-------+-------++-------
Melee: Hand axe          |    76 |   101 |   224 |   494 ||   895
       Headbutt          |     8 |    15 |    59 |   122 ||   204
Throw: Tomahawk          |       |       |       |     3 ||     3
Invok: Berserk           |     1 |     3 |     1 |     6 ||    11
       Burn Spellbooks   |       |     1 |     1 |     1 ||     3
       Trog's Hand       |       |       |       |     1 ||     1
  Use: Scroll            |     2 |     2 |    10 |     5 ||    19
       Potion            |       |       |       |     5 ||     5
 Stab: Sleeping          |     1 |       |       |       ||     1
       Distracted        |       |       |       |     1 ||     1
  Eat: Chunk             |     2 |     5 |    13 |    11 ||    31
       Ration            |       |     1 |     1 |     5 ||     7
Armor: Leather armour    |     8 |    21 |    43 |    82 ||   154
       Ring mail         |     2 |       |       |       ||     2
       Animal skin       |     1 |       |       |       ||     1
       Chain mail        |       |       |       |    23 ||    23
Dodge: Dodged            |    53 |    68 |   129 |   262 ||   512
Block: Buckler           |       |       |    63 |   272 ||   335
       Reflection        |       |       |     8 |    13 ||    21
